 Dungeon Crawl Stone Soup version 0.23-a0-481-g60b89c1 (webtiles) character file.

5635 theanonym the Fighter (level 10, -10/84 HPs)
             Began as a Mummy Enchanter on Nov 29, 2018.
             Was an Elder of Okawaru.
             Killed from afar by a gargoyle (20 damage)
             ... with a stone arrow
             ... on level 10 of the Dungeon.
             The game lasted 00:16:02 (11499 turns).

theanonym the Fighter (Mummy Enchanter)            Turns: 11499, Time: 00:16:02

Health: -10/84     AC: 17    Str: 19    XL:     10   Next: 46%
Magic:  12/14      EV:  8    Int: 14    God:    Okawaru [****..]
Gold:   585        SH:  5    Dex: 12    Spells: 13/14 levels left

rFire    x . .     SeeInvis .   b - +2 short sword (protect)
rCold    + . .     Gourm    .   j - +0 buckler
rNeg     + + +     Faith    .   v - +0 plate armour
rPois    ∞         Spirit   .   g - +0 helmet
rElec    .         Reflect  .   m - +2 cloak
rCorr    +         Harm     .   (no gloves)
MR       +....                  q - +0 pair of boots
Stlth    ..........             (no amulet)
HPRegen  0.24/turn              t - ring of resist corrosion
MPRegen  0.14/turn              s - +3 ring of strength

@: heroism
A: no food or potions, fire vulnerability, cold resistance 1, negative energy
resistance 3, torment resistance, unbreathing
a: Heroism, Renounce Religion


Innate Abilities, Weirdness & Mutations

You do not eat or drink.
Your flesh is vulnerable to fire.
You are immune to poison.
Your flesh is cold resistant. (rC+)
You are immune to negative energy. (rN+++)
You are immune to unholy pain and torment.
You can survive without breathing.


   Skills:
 + Level 9.7(14.7) Fighting
 - Level 5.8(10.8) Short Blades
 * Level 7.9(12.9) Bows
 - Level 1.5(6.5) Dodging
 - Level 2.4(7.4) Stealth
 - Level 2.6 Spellcasting
 - Level 2.6 Hexes
 - Level 3.0 Invocations


You had 13 spell levels left.
You knew the following spells:

 Your Spells              Type           Power        Failure   Level  Hunger
a - Corona                Hex            #......      91%         1    N/A

Your spell library contained the following spells:

 Spells                   Type           Power        Failure   Level  Hunger
 Ensorcelled Hibernation  Hex/Ice        #.....       99%         2    N/A
 Confuse                  Hex            #.......     100%        3    N/A
 Dazzling Spray           Conj/Hex       #.....       100%        3    N/A
 Tukima's Dance           Hex            #.......     100%        3    N/A

Skill      XL: |  1  2  3  4  5  6  7  8  9 10 |
---------------+-------------------------------+-----
Short Blades   | 1 2 3 4 5 |  5.8
Fighting       | 1 2 3 4 5 6 7 9 |  9.7
Bows           | 4 6 7 |  7.9
Invocations    | 3 |  3.0
Dodging        | |  1.5
Stealth        | |  2.4
Spellcasting   | |  2.6
Hexes          | |  2.6

Action                   |  1- 3 |  4- 6 |  7- 9 | 10-12 || total
-------------------------+-------+-------+-------+-------++-------
Melee: Short sword       |   133 |    37 |   224 |    40 ||   434
       Dagger            |    17 |   402 |   464 |   201 ||  1084
Invok: Heroism           |       |       |       |     2 ||     2
Evoke: Wand              |       |     2 |     2 |     7 ||    11
  Use: Scroll            |     2 |       |     9 |     3 ||    14
 Stab: Sleeping          |     3 |       |       |       ||     3
Armor: Robe              |     4 |       |       |       ||     4
       Chain mail        |    69 |   297 |   116 |       ||   482
       Ring mail         |    13 |       |       |       ||    13
       Plate armour      |       |       |   359 |   126 ||   485
Dodge: Dodged            |    41 |    96 |   117 |    41 ||   295
Block: Buckler           |    10 |    41 |    82 |    19 ||   152

Inventory:

Hand Weapons
 a - a +1 dagger of venom
   (You took it off a goblin on level 2 of the Dungeon)
 b - a +2 short sword of protection (weapon)
   (You took it off a kobold on level 3 of the Dungeon)
 h - a +2 shortbow of velocity
   (You took it off a centaur on level 6 of the Dungeon)
 x - a +0 shortbow
   (You took it off a centaur on level 8 of the Dungeon)
Missiles
 p - 72 bolts
 z - 176 arrows
Armour
 g - a +0 helmet (worn)
   (You found it on level 1 of the Dungeon)
 j - a +0 buckler (worn)
   (You found it on level 1 of the Dungeon)
 m - a +2 cloak (worn)
   (You found it on level 1 of the Dungeon)
 q - a +0 pair of boots (worn)
   (You found it on level 3 of the Dungeon)
 v - a +0 plate armour (worn)
   (You took it off an orc warrior on level 6 of the Dungeon)
Magical Staves
 l - an uncursed staff of wizardry {unknown}
   (You found it on level 7 of the Dungeon)
Jewellery
 i - an uncursed ring of wizardry
   (You found it on level 7 of the Dungeon)
 s - a +3 ring of strength (right hand)
   (You found it on level 4 of the Dungeon)
 t - a ring of resist corrosion (left hand)
   (You found it on level 8 of the Dungeon)
Wands
 c - a wand of iceblast (15)
   (You found it on level 2 of the Dungeon)
 d - a wand of digging (4)
   (You took it off a goblin on level 2 of the Dungeon)
 e - a wand of disintegration (6)
   (You found it on level 9 of the Dungeon)
Scrolls
 f - a scroll of fear
 k - a scroll of amnesia
 n - 4 scrolls of remove curse
 o - 2 scrolls of enchant weapon
 u - a scroll of enchant armour
 y - 3 scrolls of magic mapping


You were on level 10 of the Dungeon.
You worshipped Okawaru.
Okawaru was greatly pleased with you.
You were not hungry.

You visited 2 branches of the dungeon, and saw 11 of its levels.

You collected 585 gold pieces.

Dungeon Overview and Level Annotations

Branches:
Dungeon (10/15)            Temple (1/1) D:7            Lair (0/6) D:9
    Orc: D:9-12

Altars:
Ashenzari
Cheibriados
Fedhas
Gozag
Kikubaaqudgha
Makhleb
Nemelex Xobeh
Okawaru
Ru
Uskayaw
Vehumet
Wu Jian
Xom

Annotations:
D:5 3 runed doors, Lavandula's ghost, amateur NaAE
D:7 1 runed door, nikopol's ghost, novice DEFE

*,************ *,,,,,,* ****,,,,
**,,,,,,,,...# ****.#** *,,,,,,,
*,***.,*,*#..# *#.## *,**,**, ,,*
*..,,*#..# *...# *,**,**, ***
*.#.,,#..# *...# *,**,**, ***
*...(,#..# *...# *,**,**, ,,*
*..#.!#..#####...####*,**,,.,
,,***.......9#...........*,,,,,..
,,,,,,,#........@<.......,,,,,*$.
,,*****##.####....)......****,*.#
,,* *,* #####...####* *,*,* *****
*,* *...# *,,,, ,,,,* *,* *...#
*,,,* ***,*****,********...#
***** ,,,,,,,,,,,,,,,,**#.## *,
***,****,,,,,**,***.# *, ***,*
*,,**,**,*,,<** *,


You could see a gargoyle.

Notes
Turn   | Place    | Note
-------+----------+-------------------------------------------
     0 | D:1      | theanonym the Mummy Enchanter began the quest for the Orb.
     0 | D:1      | Reached XP level 1. HP: 13/13 MP: 4/4
   141 | D:1      | Reached skill level 1 in Short Blades
   211 | D:1      | Reached skill level 1 in Fighting
   211 | D:1      | Reached XP level 2. HP: 21/21 MP: 5/5
   227 | D:1      | HP: 8/21 [ooze (4)]
   228 | D:1      | HP: 3/21 [ooze (5)]
   236 | D:1      | HP: 1/21 [ooze (1)]
   883 | D:2      | Reached XP level 3. HP: 27/27 MP: 7/7
   988 | D:2      | Noticed Terence
  1068 | D:2      | Killed Terence
  1068 | D:2      | Reached skill level 2 in Fighting
  1068 | D:2      | Reached skill level 2 in Short Blades
  1268 | D:2      | Noticed Robin
  1271 | D:2      | HP: 10/28 [worm (5)]
  1581 | D:2      | Reached XP level 4. HP: 32/34 MP: 8/8
  1742 | D:2      | Killed Robin
  1745 | D:2      | HP: 15/34 [goblin/+0 dagger[Robin] (4)]
  2098 | D:2      | Found a shattered altar of Ashenzari.
  2098 | D:2      | Found a radiant altar of Vehumet.
  2099 | D:2      | Found an ornate altar of the Wu Jian Council.
  2332 | D:3      | Reached skill level 3 in Fighting
  2604 | D:3      | Reached XP level 5. HP: 23/41 MP: 9/9
  2630 | D:3      | HP: 20/41 [something (2)]
  2872 | D:3      | Found a shimmering altar of Xom.
  2982 | D:3      | Reached skill level 3 in Short Blades
  3604 | D:4      | Reached skill level 4 in Fighting
  3604 | D:4      | Reached XP level 6. HP: 46/48 MP: 10/10
  3844 | D:4      | Reached skill level 4 in Short Blades
  3887 | D:4      | Reached skill level 5 in Fighting
  3981 | D:4      | Reached XP level 7. HP: 44/56 MP: 11/11
  4266 | D:4      | Found a blossoming altar of Fedhas.
  4271 | D:5      | Entered Level 5 of the Dungeon
  4844 | D:5      | HP: 26/57 [bullfrog skeleton (5)]
  5075 | D:5      | Found a runed gate.
  5076 | D:5      | Found an opulent altar of Gozag.
  5076 | D:5      | Noticed a troll
  5077 | D:5      | Found a runed gate.
  5077 | D:5      | Found a runed gate.
  5077 | D:5      | Noticed Lavandula's ghost (amateur NaAE)
  5140 | D:5      | Reached skill level 5 in Short Blades
  5169 | D:5      | Reached skill level 6 in Fighting
  5429 | D:5      | Found a runed gate.
  5430 | D:5      | Found an opulent altar of Gozag.
  5431 | D:5      | Found a runed gate.
  5431 | D:5      | Found a runed gate.
  5747 | D:6      | Reached XP level 8. HP: 39/65 MP: 12/12
  6186 | D:6      | Found a sacrificial altar of Ru.
  6433 | D:6      | Reached skill level 7 in Fighting
  6529 | D:6      | Reached skill level 1 in Bows
  6752 | D:7      | Found a runed door.
  6752 | D:7      | Noticed nikopol's ghost (novice DEFE)
  6851 | D:7      | Found a staircase to the Ecumenical Temple.
  6857 | Temple   | Entered the Ecumenical Temple
  6864 | Temple   | Became a worshipper of Warmaster Okawaru
  6999 | D:7      | Reached skill level 2 in Bows
  7216 | D:7      | Reached skill level 3 in Bows
  7232 | D:7      | Noticed a hippogriff
  7270 | D:7      | Reached * piety under Okawaru
  7282 | D:7      | HP: 33/67 [hippogriff (3)]
  7288 | D:7      | Killed a hippogriff
  7290 | D:7      | HP: 30/68 [wight/cursed +1 spear (2)]
  7296 | D:7      | HP: 25/68 [wight/cursed +1 spear (4)]
  7300 | D:7      | Reached skill level 4 in Bows
  7300 | D:7      | Reached XP level 9. HP: 26/74 MP: 13/13
  7631 | D:7      | Reached skill level 8 in Fighting
  7631 | D:7      | Reached skill level 1 in Invocations
  7847 | D:7      | Reached ** piety under Okawaru
  8147 | D:8      | Reached skill level 5 in Bows
  8147 | D:8      | Reached skill level 2 in Invocations
  8869 | D:8      | Reached skill level 6 in Bows
  8869 | D:8      | Reached skill level 3 in Invocations
  9206 | D:9      | Killed a troll
  9284 | D:9      | Reached *** piety under Okawaru
  9284 | D:9      | Reached skill level 9 in Fighting
  9343 | D:9      | Reached XP level 10. HP: 56/83 MP: 14/14
  9749 | D:9      | Found a staircase to the Lair.
 10218 | D:9      | Reached skill level 7 in Bows
 10721 | D:9      | Found a shimmering altar of Xom.
 10735 | D:9      | Noticed a two-headed ogre
 10743 | D:9      | HP: 40/83 [two-headed ogre/+0 giant club (15)]
 10750 | D:9      | Killed a two-headed ogre
 10750 | D:9      | Reached **** piety under Okawaru
 11028 | D:10     | Entered Level 10 of the Dungeon
 11028 | D:10     | Noticed a two-headed ogre
 11307 | D:10     | Noticed a gargoyle
 11489 | D:10     | HP: 36/84 [gargoyle/+0 dire flail (12)]
 11494 | D:10     | HP: 25/84 [gargoyle/+0 dire flail (12)]
 11498 | D:10     | HP: 10/84 [gargoyle/stone arrow (15)]
 11499 | D:10     | Killed from afar by a gargoyle

Vanquished Creatures
  A two-headed ogre (D:9)
  2 hippogriffs (D:7)
  3 yaks (D:8)
  2 wyverns
  A hungry ghost (D:9)
  2 porcupines (D:9)
  2 orc warriors
  A phantom (D:8)
  3 sky beasts (D:9)
  An ogre (D:4)
  3 centaurs
  A big kobold (D:9)
  4 bullfrogs
  3 wyvern skeletons
  2 water moccasin skeletons (D:4)
  A water moccasin zombie (D:5)
  6 scorpions
  3 wights (D:7)
  7 killer bees
  3 howler monkeys
  2 crimson imps
  A centaur zombie (D:5)
  A bullfrog zombie (D:4)
  7 hounds
  5 jellies
  A gnoll shaman (D:9)
  A bullfrog skeleton (D:5)
  An orc priest (D:5)
  3 orc wizards
  2 iguanas
  Terence (D:2)
  8 worker ants
  A hound zombie (D:4)
  A howler monkey zombie (D:6)
  Robin (D:2)
  9 adders
  6 gnolls
  2 howler monkey skeletons
  6 oozes
  An adder zombie (D:4)
  7 worms
  4 leopard geckos
  14 orcs
  9 bats
  A giant cockroach (D:7)
  21 goblins
  6 hobgoblins
  9 jackals
  12 kobolds
  7 quokkas
  A ball python (D:3)
  A ball python skeleton (D:3)
  3 frilled lizards
  A giant cockroach zombie (D:4)
  2 leopard gecko skeletons (D:4)
  A leopard gecko zombie (D:4)
  A quokka skeleton (D:4)
  2 quokka zombies
  9 rats
222 creatures vanquished.

Vanquished Creatures (others)
  A troll (D:9)
  A yak (D:9)
  A crimson imp (D:9)
  A jelly (D:9)
  A hound skeleton (D:9)
  An adder (D:9)
  An adder skeleton (D:9)
  An orc (D:9)
8 creatures vanquished.

Grand Total: 230 creatures vanquished

Table legend:
 A = Turns spent in this place as a percentage of turns spent in the entire game.
 B = Non-inter-level travel turns spent in this place as a percentage of non-inter-level travel turns spent in the entire game.
 C = Inter-level travel turns spent in this place as a percentage of turns spent in this place.
 D = Turns resting spent in this place as a percentage of non-inter-level travel turns spent in this place.
 E = Turns spent auto-exploring this place as a percentage of non-inter-level travel turns spent in this place.
 F = Non-inter-level travel turns spent in this place divided by the number of levels of this place that you've seen.
                   A       B       C       D       E      F
               +-------+-------+-------+-------+-------+----------------------
         Total | 100.0 | 100.0 |   4.2 |  34.5 |  43.7 | 1001.5
       Dungeon |  98.9 |  98.9 |   4.2 |  34.0 |  44.2 | 1089.6
        Temple |   1.1 |   1.1 |   4.7 |  76.9 |   0.0 | 121.0
               +-------+-------+-------+-------+-------+----------------------
